 Dungeon Crawl Stone Soup version 0.30-a0-743-gbfdf073431 (webtiles) character file.

Game seed: 6642491483309119513

239 pokeman the Magician (level 5, -8/30 HPs)
             Began as a Deep Elf Hedge Wizard on Feb 7, 2023.
             Mangled by a gnoll
             ... wielding a +2 heavy flail
              (13 damage)
             ... on level 3 of the Dungeon.
             The game lasted 00:04:28 (2637 turns).

pokeman the Magician (Deep Elf Hedge Wizard)        Turns: 2637, Time: 00:04:28

Health: -8/30      AC:  4    Str:  7    XL:     5   Next: 79%
Magic:  2/16       EV: 12    Int: 21    God:
Gold:   157        SH:  0    Dex: 14    Spells: 9/17 levels left

rFire   . . .      SeeInvis .    a - +0 dagger
rCold   . . .      Faith    .    (no shield)
rNeg    . . .      Spirit   .    b - +0 robe
rPois   .          Reflect  .    c - +0 hat
rElec   .          Harm     .    l - +0 cloak
rCorr   .          Rampage  .    (no gloves)
Will    .....                    j - +0 pair of boots
Stlth   ++                       (no amulet)
HPRegen 0.25/turn                (no ring)
MPRegen 0.15/turn                (no ring)

@: no status effects
A: no striking features
a: no special abilities


You were on level 3 of the Dungeon.
You visited 1 branch of the dungeon, and saw 3 of its levels.

You collected 157 gold pieces.

Inventory:

Hand Weapons
 a - a +0 dagger (weapon)
Armour
 b - a +0 robe (worn)
 c - a +0 hat (worn)
 j - a +0 pair of boots (worn)
 l - a +0 cloak (worn)
Jewellery
 m - a ring of ice
 r - an amulet of faith
Scrolls
 e - a scroll of enchant armour {unknown}
 f - 2 scrolls of enchant weapon {unknown}
 g - 2 scrolls of identify {unknown}
 h - a scroll of acquirement {unknown}
 k - a scroll of magic mapping {unknown}
 n - a scroll of immolation {unknown}
 o - a scroll of amnesia {unknown}
 t - a scroll of poison {unknown}
Potions
 d - a potion of magic
 i - a potion of heal wounds {unknown}
 p - a potion of mutation {unknown}
 q - a potion of degeneration {unknown}
 s - a potion of lignification {unknown}


   Skills:
 + Level 1.8 Fighting
 + Level 1.9 Armour
 - Level 2.4 Dodging
 - Level 2.4 Stealth
 * Level 6.5 Spellcasting
 + Level 2.9 Conjurations
 - Level 1.1 Summonings
 - Level 1.1 Translocations


You had 9 spell levels left.
You knew the following spells:

 Your Spells              Type           Power      Damage    Failure   Level
a - Magic Dart            Conj           76%        1d6       2%          1
b - Mephitic Cloud        Conj/Pois/Air  10%        N/A       19%         3
c - Call Imp              Summ           11%        N/A       9%          2
d - Blink                 Tloc           22%        N/A       9%          2

Your spell library contained the following spells:

 Spells                   Type           Power      Damage    Failure   Level
 Slow                     Hex            24%        N/A       10%         1
 Cigotuvi's Dreadful Rot  Necr/Pois/Air  12%        N/A       14%         2


Dungeon Overview and Level Annotations

Branches:
Dungeon (3/15)

Altars:
Ashenzari

Shops:
D:1 (


Message History

Press: ? - help, Shift-Dir - straight line, f/p - gnoll
Aim: a gnoll, wielding a +0 club (almost dead, 100% to hit)
The magic dart hits the gnoll.
You kill the gnoll!
The gnoll completely misses you.
Casting: Magic Dart (safe; 2% risk of failure)
Confirm with . or Enter, or press ? or * to list all spells.
Aiming: Magic Dart (safe; 2% risk of failure)
Press: ? - help, Shift-Dir - straight line, f - gnoll
Aim: a gnoll, wielding a +2 heavy flail (100% to hit)
The magic dart hits the gnoll.
The gnoll is moderately wounded.
The gnoll hits you with a +2 heavy flail!
Casting: Magic Dart (safe; 2% risk of failure)
Confirm with . or Enter, or press ? or * to list all spells.
Aiming: Magic Dart (safe; 2% risk of failure)
Press: ? - help, Shift-Dir - straight line, f/p - gnoll
Aim: a gnoll, wielding a +2 heavy flail (moderately wounded, 100% to hit)
The magic dart hits the gnoll.
The gnoll is severely wounded.
Casting: Magic Dart (safe; 2% risk of failure)
Confirm with . or Enter, or press ? or * to list all spells.
Aiming: Magic Dart (safe; 2% risk of failure)
Press: ? - help, Shift-Dir - straight line, f/p - gnoll
Aim: a gnoll, wielding a +2 heavy flail (severely wounded, 100% to hit)
The magic dart hits the gnoll but does no damage.
The gnoll is severely wounded.
The gnoll hits you with a +2 heavy flail!
Ouch! That really hurt!
* * * LOW HITPOINT WARNING * * *
Casting: Magic Dart (safe; 2% risk of failure)
Confirm with . or Enter, or press ? or * to list all spells.
Aiming: Magic Dart (safe; 2% risk of failure)
Press: ? - help, Shift-Dir - straight line, f/p - gnoll
Aim: a gnoll, wielding a +2 heavy flail (severely wounded, 100% to hit)
The magic dart hits the gnoll.
The gnoll is severely wounded.
A goblin comes into view. It is wielding a +0 dagger.
The gnoll hits you with a +2 heavy flail!
You die...

#.. ##### #.# #.#.#
#.# #.#.# #.# #.#.#
#.# #.#.# #.# #...#
#.# # ######.#####.#
#. #)@(......)†.#
##..###g####..#.#..#
#....)).# ##.#.#..#
.....g.#### #.#.#<.#
.#...#. #.#.#..# #..
#. #.#.#..# ## #.
.###......# #g
..........# #.
.##.....##


You could see a gnoll and a goblin (wandering).

Vanquished Creatures
  2 adders
  2 gnolls (D:3)
  A dart slug (D:1)
  An orc (D:3)
  2 goblins
  3 hobgoblins
  4 jackals (D:3)
  A quokka (D:2)
  4 ball pythons
  4 bats
  A frilled lizard (D:2)
  3 kobolds
  3 rats
31 creatures vanquished.

Vanquished Creatures (collateral kills)
  Sigmund (D:2)
  A gnoll (D:3)
2 creatures vanquished.

Grand Total: 33 creatures vanquished

Notes
Turn   | Place    | Note
-------+----------+-------------------------------------------
     0 | D:1      | pokeman the Deep Elf Hedge Wizard began the quest for the
                  | Orb.
     0 | D:1      | Reached XP level 1. HP: 10/10 MP: 7/7
   446 | D:1      | Reached XP level 2. HP: 16/16 MP: 7/9
   525 | D:1      | Found Fisurev's Weapon Shop.
  1509 | D:2      | Reached skill level 5 in Spellcasting
  1509 | D:2      | Reached XP level 3. HP: 20/20 MP: 4/11
  1513 | D:2      | Learned a level 3 spell: Mephitic Cloud
  1516 | D:2      | Learned a level 2 spell: Call Imp
  1519 | D:2      | Learned a level 2 spell: Blink
  1629 | D:2      | Noticed Sigmund
  1972 | D:2      | Killed Sigmund
  1973 | D:2      | Reached skill level 1 in Fighting
  1973 | D:2      | Reached skill level 1 in Armour
  1973 | D:2      | Reached skill level 6 in Spellcasting
  1973 | D:2      | Reached XP level 4. HP: 24/26 MP: 4/14
  1973 | D:2      | Reached XP level 5. HP: 28/30 MP: 4/15
  2089 | D:2      | Found a broken altar of Ashenzari.
  2296 | D:2      | Found a faded altar of an unknown god.
  2637 | D:3      | Mangled by a gnoll

Illustrated notes

Levels and vault maps discovered:
D:1:      heliophobic_arrival_battle_scene, layout_basic, serial_shops,
          nicolae_shop_temple_entry_statues_fountains
D:2:      layout_loops_cross, dreamdust_ecumenical_altar_hidden_monk_grotto,
          basic_altar, uniq_sigmund
D:3:      layout_loops_ring, mainiacjoe_overflow_cross_hatched,
          tgw_kikubaaqudgha, minmay_overflow_temple_star_hex,
          minmay_curled_crystal

Skill      XL: |  1  2  3 |
---------------+----------+-----
Spellcasting   | 5 6 |  6.5
Fighting       | 1 |  1.8
Armour         | 1 |  1.9
Conjurations   | 2 |  2.9
Dodging        | |  2.4
Stealth        | |  2.4
Summonings     | |  1.1
Translocations | |  1.1

Action                     |  1- 3 |  4- 6 || total
---------------------------+-------+-------++-------
  Melee: Dagger            |    14 |     6 ||    20
   Cast: Magic Dart        |    55 |    34 ||    89
         Mephitic Cloud    |     3 |       ||     3
         Call Imp          |     2 |     1 ||     3
   Stab: Confused          |     3 |       ||     3
 Armour: Robe              |     4 |     5 ||     9
  Dodge: Dodged            |    13 |    14 ||    27

Table legend: (Time is in decaauts)
 A = Elapsed time spent in this place.
 B = Non-inter-level travel time spent in this place.
 C = Inter-level travel time spent in this place.
 D = Time resting spent in this place.
 E = Time spent auto-exploring this place.
 F = Levels seen in this place.
 G = Mean time per level.
                   A        B        C        D        E       F      G
               +--------+--------+--------+--------+--------+-----+--------+
         Total |   2636 |   2556 |     80 |    237 |   2027 |   3 |  878.7 |
       Dungeon |   2636 |   2556 |     80 |    237 |   2027 |   3 |  878.7 |
               +--------+--------+--------+--------+--------+-----+--------+

Top non-repeatable levels by time:
     D:2: 1303 daAuts
     D:1: 1116 daAuts
     D:3: 216 daAuts
